 Dungeon Crawl Stone Soup version 0.14.1-24-gbdbe590 (webtiles) character file.

425 Kenran the Archer (level 6, -3/47 HPs)
             Began as a Centaur Hunter on June 19, 2014.
             Killed from afar by an orc wizard (5 damage)
             ... with a magic dart
             ... on Level 4 of the Dungeon.
             The game lasted 00:10:18 (2707 turns).

Kenran the Archer (Centaur Hunter)                  Turns: 2707, Time: 00:10:19

HP  -3/47        AC  4     Str 15      XL: 6   Next: 24%
MP   5/5         EV  9     Int 10      God:
Gold 99          SH  0     Dex 11      Spells:  0 memorised,  5 levels left

rFire  . . .     SeeInvis .     a - +0 short sword
rCold  . . .     Clarity  .     d - +0 leather armour
rNeg   . . .     Conserve .     (no shield)
rPois  .         rCorr    .     (no helmet)
rElec  .         rRot     .     (no cloak)
SustAb . .       Spirit   .     (no gloves)
rMut   .         Warding  .     (no barding)
Saprov . . .     Stasis   .     (no amulet)
MR     .....                    (no ring)
                                (no ring)

@: slowed, not resistant to hostile enchantments, extremely unstealthy
A: hooves 3, deformed body, herbivore 1, speed 2, fast metabolism 1, tough skin
3
a: no special abilities


You were on level 4 of the Dungeon.
You were not hungry.

You visited 1 branch of the dungeon, and saw 4 of its levels.

You collected 99 gold pieces.

Inventory:

Hand weapons
 a - a +0,+0 short sword (weapon)
 b - a +1,+1 bow
 p - a cursed -1,-3 whip
Missiles
 c - 49 arrows
 l - 8 poisoned arrows
Armour
 d - a +0 leather armour (worn)
Magical devices
 m - a wand of confusion (14) {unknown}
 q - a wand of frost (13) {unknown}
Comestibles
 f - 6 bread rations
 i - 2 meat rations
Scrolls
 e - 3 scrolls of teleportation
 h - 6 scrolls of identify
Jewellery
 g - a cursed ring of teleportation {unknown}
 k - an uncursed amulet of warding
 o - an uncursed ring of magical power {unknown}
Potions
 j - 2 potions of heal wounds {unknown}
 n - a potion of agility


   Skills:
 - Level 1.0 Fighting
 + Level 9.9 Bows
 - Level 1.3 Dodging
 - Level 0.5 Stealth


You had 5 spell levels left.
You didn't know any spells.

Dungeon Overview and Level Annotations

Branches:
Dungeon (4/15)
 Temple: D:4-7

Altars:
Nemelex Xobeh


Innate Abilities, Weirdness & Mutations

You have hooves in place of feet.
Armour fits poorly on your strangely shaped body.
You digest meat inefficiently.
You cover ground very quickly.
You have a fast metabolism.
You have extremely tough skin (AC +3).


Message History

* * * LOW HITPOINT WARNING * * *
The orc wizard hits you with a mace!
* * * LOW HITPOINT WARNING * * *
You closely miss the orc wizard.
The orc wizard is moderately wounded.
The orc wizard hits you with a mace.
* * * LOW HITPOINT WARNING * * *
You closely miss the orc wizard.
The orc wizard is moderately wounded.
The orc wizard gestures wildly while chanting.
The orc wizard blinks!
You closely miss the orc wizard. Your kick misses the orc wizard.
The orc wizard is moderately wounded.
The orc wizard hits you with a mace.
* * * LOW HITPOINT WARNING * * *
You closely miss the orc wizard. Your kick misses the orc wizard.
The orc wizard is moderately wounded.
The orc wizard gestures at you while chanting.
The magic dart hits you!
You die...

........#.+......
.........#.#......
.......oo. #......
..>...ยง..# #......
.....?.<..# #......
#######)# #######
#..)..%.#
##'########
#.@.......#
#.o.......# ######
#.........# #.....
#.........# #.....
#.........####(....
+.........'..'.....
#.........####.....
#.........# ######
#.........#


You could see an orc wizard.

Vanquished Creatures
  An orc warrior (D:4)
  An ogre (D:4)
  A hound (D:4)
  An orc priest (D:3)
  An orc wizard (D:4)
  An adder (D:4)
  A giant gecko (D:3)
  2 oozes
  8 orcs
  4 bats
  8 hobgoblins
  4 jackals (D:1)
  A quokka (D:3)
  A ball python (D:1)
  2 giant cockroaches
  A giant gecko skeleton (D:4)
  2 giant newts
  3 goblins
  8 kobolds
  9 rats
60 creatures vanquished.

Notes
Turn   | Place    | Note
--------------------------------------------------------------
     0 | D:1      | Kenran, the Centaur Hunter, began the quest for the Orb.
     0 | D:1      | Reached XP level 1. HP: 16/16 MP: 1/1
   342 | D:1      | Reached XP level 2. HP: 21/23 MP: 2/2
   644 | D:1      | Reached skill level 6 in Bows
  1262 | D:3      | Reached XP level 3. HP: 10/28 MP: 3/3
  1522 | D:3      | Reached skill level 7 in Bows
  1532 | D:3      | Reached XP level 4. HP: 28/35 MP: 3/3
  1731 | D:3      | Found a sparkling altar of Nemelex Xobeh.
  2104 | D:4      | Noticed an ogre
  2118 | D:4      | Killed an ogre
  2118 | D:4      | Reached skill level 8 in Bows
  2118 | D:4      | Reached XP level 5. HP: 40/40 MP: 4/4
  2294 | D:4      | Reached skill level 9 in Bows
  2593 | D:4      | Noticed an orc warrior
  2651 | D:4      | Killed an orc warrior
  2651 | D:4      | Reached XP level 6. HP: 32/47 MP: 5/5
  2706 | D:4      | HP: 2/47 [orc wizard/mace (3)]
  2707 | D:4      | Killed from afar by an orc wizard

Action                   |  1- 3 |  4- 6 || total
-------------------------+-------+-------++-------
Melee: Short sword       |   110 |    93 ||   203
 Fire: Bow               |     7 |    15 ||    22
  Use: Scroll            |     5 |     4 ||     9
